 Dungeon Crawl Stone Soup version 0.20.1-1-g8b1a95d (webtiles) character file.

228 Reinor the Magician (level 5, -1/24 HPs)
             Began as a Spriggan Earth Elementalist on July 12, 2017.
             Shot with a stone by a goblin (3 damage)
             ... on level 2 of the Dungeon.
             The game lasted 00:07:26 (2357 turns).

Reinor the Magician (Spriggan Earth Elementalist)   Turns: 2357, Time: 00:07:26

Health: -1/24      AC:  2    Str:  4    XL:     5   Next: 70%
Magic:  0/13       EV: 18    Int: 17    God:
Gold:   93         SH:  0    Dex: 17    Spells: 8/14 levels left

rFire    + . .     SeeInvis +   g - +0 short sword
rCold    + . .     Gourm    .   (shield restricted)
rNeg     . . .     Faith    .   c - +0 robe
rPois    +         Spirit   .   (helmet restricted)
rElec    +         Reflect  .   (no cloak)
rCorr    +         Harm     .   (gloves unavailable)
MR       .....                  (boots unavailable)
Stlth    ++........             (no amulet)
Regen    0.1/turn               (no ring)
MPRegen  0.2/turn               (no ring)

@: resistant, very quick
A: unfitting armour, see invisible, herbivore 3, speed 3, slow metabolism 2
a: no special abilities


You were on level 2 of the Dungeon.
You were not hungry.

You visited 1 branch of the dungeon, and saw 2 of its levels.

You collected 93 gold pieces.

Inventory:

Hand Weapons
 g - a +0 short sword (weapon)
Missiles
 a - 2 stones (quivered)
Armour
 c - a +0 robe (worn)
Scrolls
 b - a scroll of noise {unknown}
 h - 2 scrolls of teleportation
 j - 2 scrolls of fear {unknown}
 k - a scroll of enchant weapon {unknown}
 l - a scroll of immolation
 n - a scroll of identify {unknown}
 o - a scroll of random uselessness {unknown}
Potions
 f - 2 potions of might
 i - a potion of agility {unknown}
 m - 2 potions of brilliance {unknown}
Books
 e - a book of Geomancy

   Spells                             Type                      Level
   a - Sandblast                      Earth                        1
   b - Passwall                       Transmutation/Earth          2
   c - Stone Arrow                    Conjuration/Earth            3
   d - Petrify                        Transmutation/Earth          4
   e - Lee's Rapid Deconstruction     Earth                        5
Comestibles
 d - 2 bread rations


   Skills:
 - Level 3.0 Dodging
 - Level 3.0 Stealth
 + Level 5.0 Spellcasting
 + Level 1.6 Conjurations
 - Level 1.3 Transmutations
 + Level 4.2 Earth Magic


You had 8 spell levels left.
You knew the following spells:

 Your Spells              Type           Power        Failure   Level  Hunger
a - Sandblast             Erth           ###...       2%          1    None
b - Passwall              Tmut/Erth      ##........   7%          2    #......
c - Stone Arrow           Conj/Erth      ##....       13%         3    ###....


Dungeon Overview and Level Annotations

Branches:
Dungeon (2/15)

Altars:
Dithmenos
Kikubaaqudgha
Ru


Innate Abilities, Weirdness & Mutations

You are very small and have problems with some larger weapons.
You are too small for most types of armour.
You have supernaturally acute eyesight. (SInv)
You are a herbivore.
You cover ground extremely quickly.
You need consume almost no food.


Message History

Casting: Sandblast
Confirm with . or Enter, or press ? or * to list all spells.
Aiming: Sandblast
Press: ? - help, Shift-Dir - straight line, f - goblin
Aim: a goblin, wielding a club The blast of sand misses the goblin.
You now have no stones remaining.
The goblin unwields an uncursed club.
The goblin wields an uncursed hunting sling.
The goblin shoots a stone.
The stone barely misses you.
The goblin shoots a stone.
The stone closely misses you.
The goblin shoots a stone.
The stone closely misses you.
You see here 2 stones.
a - 2 stones The goblin shoots a stone.
The stone barely misses you.
Your magical contamination has completely faded away.
The goblin shoots a stone.
The stone hits you.
* * * LOW HITPOINT WARNING * * *
You see here a stone.
The goblin shoots a stone.
The stone hits you.
You die...

#.## #..)...>....##
#...... #.#
##.###.#...#..##
.###.## #.# #..#
#...#.....# #.## #.#
#.## ###...#.##.#
#... #.# #.# ##.##†#
.# ## #.# #.#
#...#.##### .## #.#
#.# ###...#....# #
... #.#
#.####g.....(##.##
#.# .## #.#
#........@(..##..#..#
#.#
######.....(.(.....#
#.#
##...###.).###..##.#
####
#.######.###.##...#
#..# ## ##...
#........# #.######
#..######.##.
########.###.#
#...##.###.## ##...##
##.###...#.#. ##.##
#..#_.#.#.#. #.#
#.######.###


You could see a goblin.

Vanquished Creatures
  Sigmund (D:2)
  2 adders (D:2)
  A worm (D:2)
  A dart slug (D:1)
  A leopard gecko (D:1)
  A giant cockroach (D:1)
  2 goblins (D:1)
  4 hobgoblins
  4 jackals (D:1)
  2 quokkas (D:2)
  7 bats
  4 frilled lizards
  3 kobolds
  2 rats
35 creatures vanquished.

Notes
Turn   | Place    | Note
-------+----------+-------------------------------------------
     0 | D:1      | Reinor the Spriggan Earth Elementalist began the quest for the Orb.
     0 | D:1      | Reached XP level 1. HP: 9/9 MP: 5/5
   277 | D:1      | Reached skill level 3 in Spellcasting
   281 | D:1      | Reached XP level 2. HP: 13/13 MP: 0/7
   288 | D:1      | Learned a level 2 spell: Passwall
  1445 | D:2      | Reached XP level 3. HP: 16/16 MP: 5/9
  1483 | D:2      | Found an ancient bone altar of Kikubaaqudgha.
  1485 | D:2      | Found a sacrificial altar of Ru.
  1739 | D:2      | Found a shadowy altar of Dithmenos.
  1794 | D:2      | Learned a level 3 spell: Stone Arrow
  2063 | D:2      | Reached skill level 4 in Spellcasting
  2153 | D:2      | Found a faded altar of an unknown god.
  2313 | D:2      | Noticed Sigmund
  2341 | D:2      | Killed Sigmund
  2341 | D:2      | Reached skill level 5 in Spellcasting
  2341 | D:2      | Reached skill level 1 in Conjurations
  2341 | D:2      | Reached XP level 4. HP: 3/21 MP: 0/12
  2341 | D:2      | Reached XP level 5. HP: 4/24 MP: 0/13
  2357 | D:2      | Shot with a stone by a goblin

Skill      XL: |  1  2  3 |
---------------+----------+-----
Spellcasting   | 3 5 |  5.0
Earth Magic    | 3 4 |  4.2
Conjurations   | 1 |  1.6
Dodging        | |  3.0
Stealth        | |  3.0
Transmutations | |  1.3

Action                   |  1- 3 |  4- 6 || total
-------------------------+-------+-------++-------
Melee: Unarmed           |    16 |       ||    16
       Short sword       |    55 |       ||    55
 Cast: Sandblast         |    34 |     2 ||    36
       Passwall          |     8 |       ||     8
       Stone Arrow       |     8 |       ||     8
  Use: Scroll            |     2 |       ||     2
       Potion            |     1 |       ||     1
 Stab: Sleeping          |     3 |       ||     3
Armor: Robe              |    10 |     1 ||    11
Dodge: Dodged            |    87 |     8 ||    95
